 Dungeon Crawl Stone Soup version 0.28.0-53-g5a82cb258f (webtiles) character file.

Game seed: 16088967414150075584

6358 LustLizard the Arsonist (level 10, -1/83 HPs)
             Began as a Hill Orc Fire Elementalist on July 10, 2022.
             Slain by a two-headed ogre
             ... wielding a +0 giant spiked club
              (21 damage)
             ... on level 7 of the Dungeon.
             The game lasted 00:37:35 (14970 turns).

LustLizard the Arsonist (HOFE)                     Turns: 14970, Time: 00:37:36

Health: -1/83      AC: 17    Str: 14    XL:     10   Next: 96%
Magic:  3/13       EV: 10    Int: 17    God:
Gold:   294        SH:  0    Dex: 11    Spells: 10/14 levels left

rFire   + . .      SeeInvis .   M - +2 war axe (vorpal)
rCold   + + .      Faith    .   (no shield)
rNeg    . . .      Spirit   .   g - +4 ring mail of the Elven Halls {rF+ rC+}
rPois   .          Reflect  .   (no helmet)
rElec   .          Harm     .   J - +1 cloak
rCorr   .          Rampage  .   S - +0 pair of gloves
Will    .....                   C - +0 pair of boots
Stlth   ++........              (no amulet)
HPRegen 0.23/turn               f - ring of protection from cold
MPRegen 0.13/turn               v - +4 ring of protection

@: no status effects
A: no striking features
a: no special abilities


You were on level 7 of the Dungeon.
You visited 1 branch of the dungeon, and saw 8 of its levels.
You also visited: Ossuary.

You collected 489 gold pieces.
You spent 195 gold pieces at shops.

Inventory:

Hand Weapons
 b - a +0 short sword
 h - a +0 dagger of pain
 l - a +1 short sword of protection
 I - a +1 dagger of draining
 L - a +1 hand axe of flaming
 M - a +2 vorpal war axe (weapon)
Missiles
 o - 3 throwing nets
Armour
 a - a +0 robe
 c - a +0 buckler
 g - the +4 ring mail of the Elven Halls (worn) {rF+ rC+}
   (You found it on level 6 of the Dungeon)

   rF:        It protects you from fire.
   rC:        It protects you from cold.
 i - a +0 leather armour
 m - an orb of wrath
 t - a +0 chain mail
 C - a +0 pair of boots (worn)
 J - a +1 cloak (worn)
 R - a +2 chain mail of poison resistance
 S - a +0 pair of gloves (worn)
Jewellery
 f - a ring of protection from cold (left hand)
 v - a +4 ring of protection (right hand)
 Q - an amulet of regeneration
Wands
 u - a wand of iceblast (17)
 x - a wand of paralysis (8)
 H - a wand of polymorph (10)
Scrolls
 d - a scroll of enchant weapon {unknown}
 j - 3 scrolls of amnesia {unknown}
 n - a scroll of fog {unknown}
 q - 2 scrolls of magic mapping {unknown}
 r - 2 scrolls of enchant armour {unknown}
 y - a scroll of blinking {unknown}
 B - a scroll of torment {unknown}
 E - a scroll of immolation {unknown}
 N - a scroll of fear {unknown}
 P - a scroll of vulnerability
Potions
 k - a potion of curing
 p - 2 potions of mutation
 s - 2 potions of lignification
 w - 2 potions of flight
 z - a potion of might
 A - 2 potions of degeneration
 D - a potion of resistance
 F - a potion of brilliance
 G - a potion of heal wounds
 K - a potion of haste


   Skills:
 + Level 6.2 Fighting
 * Level 4.0 Axes
 - Level 1.5 Dodging
 - Level 5.2 Stealth
 - Level 2.5 Spellcasting
 * Level 7.4 Conjurations
 * Level 6.4 Hexes
 * Level 8.9 Fire Magic
 * Level 5.6 Evocations


You had 10 spell levels left.
You knew the following spells:

 Your Spells              Type           Power      Damage    Failure   Level
a - Foxfire               Conj/Fire      100%       2x1d9     1%          1
b - Inner Flame           Hex/Fire       28%        N/A       4%          3

Your spell library contained the following spells:

 Spells                   Type           Power      Damage    Failure   Level
 Magic Dart               Conj           100%       1d8       1%          1
 Scorch                   Fire           64%        2d8       1%          2
 Searing Ray              Conj           54%        2d6       2%          2
 Conjure Flame            Conj/Fire      30%        6-21      4%          3
 Flame Wave               Conj/Fire      30%        2d8       13%         4
 Fulminant Prism          Conj/Hex       12%        3d9       22%         4
 Sting                    Tmut/Pois      8%         1d3       36%         1
 Poisonous Vapours        Pois/Air       4%         N/A       50%         2
 Gell's Gravitas          Tloc           2%         N/A       75%         3
 Lesser Beckoning         Tloc           2%         N/A       75%         3
 Teleport Other           Tloc           2%         N/A       75%         3
 Olgreb's Toxic Radiance  Pois           2%         N/A       98%         4


Dungeon Overview and Level Annotations

Branches:
Dungeon (8/15)             Temple (0/1) D:5         Ossuary (visited)
   Lair: D:8-11

Altars:
Ashenzari
Cheibriados
Fedhas
Gozag
Qazlal
Sif Muna
Trog
Xom
Zin

Shops:
D:5 =   D:7 !   D:8 *


Message History

The two-headed ogre hits you with a +0 giant spiked club!!
The two-headed ogre hits you but does no damage.
Casting: Foxfire (safe; 1% risk of failure)
Confirm with . or Enter, or press ? or * to list all spells.
You conjure some foxfire!
The foxfire hits the two-headed ogre but does no damage.
The two-headed ogre is heavily wounded.
The foxfire hits the two-headed ogre.
The two-headed ogre is heavily wounded.
Unknown command.
Casting: Foxfire (safe; 1% risk of failure)
Confirm with . or Enter, or press ? or * to list all spells.
You conjure some foxfire!
The foxfire hits the two-headed ogre.
The two-headed ogre is heavily wounded.
The foxfire hits the two-headed ogre.
The two-headed ogre is heavily wounded.
The two-headed ogre closely misses you.
The two-headed ogre hits you but does no damage.
You barely miss the two-headed ogre.
The two-headed ogre is heavily wounded.
The foxfire hits the two-headed ogre but does no damage.
The two-headed ogre is heavily wounded.
The foxfire hits the two-headed ogre.
The two-headed ogre is heavily wounded.
The two-headed ogre hits you with a +0 giant spiked club!!
The two-headed ogre hits you with a +1 dire flail of protection.
Casting: Foxfire (safe; 1% risk of failure)
Confirm with . or Enter, or press ? or * to list all spells.
You conjure some foxfire!
The two-headed ogre hits you with a +0 giant spiked club!
* * * LOW HITPOINT WARNING * * *
The two-headed ogre hits you but does no damage.
You completely miss the two-headed ogre.
The two-headed ogre is heavily wounded.
The foxfire hits the two-headed ogre.
The two-headed ogre is severely wounded.
The foxfire hits the two-headed ogre.
The two-headed ogre is severely wounded.
The two-headed ogre hits you with a +0 giant spiked club!!
You die...

#.# ##.##+.#..##.#.#.#
########.######..#...#..##.#...#
.....##..........#.........#...#
.....##.......#.##...####..#...#
.....##.......#⌠.##'.#.⌠...#.[.#
.....##.......#.........#.)[.[>#
.....###.#.#####.......###)#..##
...........#...#.O.....#...#..# #
...........#...§@.._...'...#.####
........)).#...#§..........#.....
.....###)..#####........#.##....#
.....#####..............#.......#
####...........⌠.##'##.⌠#.......#
####...........###...#.##....####
.................#...#.......#
..............#..#...#.......#
..............#..#####.......#


You could see a two-headed ogre.

Vanquished Creatures
  Harold (D:7)
  A centaur warrior (D:8)
  The ghost of MiltankisOP the Skirmisher, a novice OgHu (D:4)
  2 ugly things
  A hornet (D:8)
  Sigmund (D:3)
  A wyvern (D:8)
  A steam dragon (D:8)
  Menkaure (D:5)
  2 water moccasins
  An ice beast (D:8)
  2 ogres (D:5)
  An orc warrior (D:8)
  3 necrophages
  A centaur (D:8)
  An elf zombie (Ossuary)
  2 gnoll sergeants (D:7)
  3 bullfrogs
  4 scorpions
  A wyvern skeleton (D:5)
  A water moccasin zombie (D:6)
  A killer bee (D:8)
  4 wights (D:8)
  A bullfrog zombie (D:6)
  6 hounds
  4 human zombies (Ossuary)
  A centaur zombie (D:8)
  Crazy Yiuf (D:7)
  A jelly (D:6)
  3 iguanas
  2 gnoll shamans
  Ijyb (D:5)
  7 orc wizards
  2 killer bee zombies
  3 mummies
  A howler monkey zombie (D:5)
  24 gnolls
  13 adders
  3 shadow imps
  2 white imps
  An ufetubus (D:4)
  3 adder skeletons (D:4)
  6 worms
  3 dart slugs
  15 orcs
  11 endoplasms
  5 giant cockroaches
  7 goblins
  4 hobgoblins
  12 jackals
  2 kobolds
  8 ball pythons
  9 bats
  4 frilled lizards
  A goblin zombie (Ossuary)
  12 hobgoblin zombies (Ossuary)
  3 jackal zombies (Ossuary)
  8 kobold zombies (Ossuary)
  6 orc zombies (Ossuary)
  5 rats
  2 rat zombies (Ossuary)
  A spectral goblin (D:1)
  2 butterflies (D:5)
242 creatures vanquished.

Vanquished Creatures (collateral kills)
  A foxfire (D:6)
1 creature vanquished.

Vanquished Creatures (others)
  1233 foxfires
1233 creatures vanquished.

Grand Total: 1476 creatures vanquished

Notes
Turn   | Place    | Note
-------+----------+-------------------------------------------
     0 | D:1      | LustLizard the Hill Orc Fire Elementalist began the quest
                  | for the Orb.
     0 | D:1      | Reached XP level 1. HP: 14/14 MP: 3/3
   259 | D:1      | Found a faded altar of an unknown god.
   267 | D:1      | Reached XP level 2. HP: 22/22 MP: 0/4
   563 | D:1      | Reached skill level 1 in Fighting
   672 | D:1      | Reached XP level 3. HP: 26/28 MP: 2/5
  1353 | D:2      | Reached skill level 4 in Fire Magic
  1602 | D:2      | Reached XP level 4. HP: 21/35 MP: 1/7
  2501 | D:2      | Reached XP level 5. HP: 41/41 MP: 3/8
  3774 | D:3      | Found a blossoming altar of Fedhas.
  3995 | D:3      | Noticed Sigmund
  4003 | D:3      | Killed Sigmund
  4004 | D:3      | Reached skill level 5 in Fire Magic
  4004 | D:3      | Reached XP level 6. HP: 50/50 MP: 1/9
  4505 | D:3      | Learned a level 3 spell: Inner Flame
  4645 | D:3      | HP: 2/51 [gnoll/+0 club (5)]
  4948 | D:3      | Reached XP level 7. HP: 56/57 MP: 7/10
  5213 | D:4      | Reached skill level 1 in Hexes
  5452 | D:4      | HP: 1/57 [gnoll/+3 spear (3)]
  5795 | D:4      | Found a stormy altar of Qazlal.
  6116 | D:4      | Found a runed translucent door.
  6116 | D:4      | Noticed MiltankisOP's ghost (novice OgHu)
  6905 | D:5      | Entered Level 5 of the Dungeon
  7199 | D:5      | Reached skill level 6 in Fire Magic
  7214 | D:5      | Reached XP level 8. HP: 56/66 MP: 3/11
  7352 | D:5      | Noticed Menkaure
  7500 | D:5      | Found a staircase to the Ecumenical Temple.
  7519 | D:5      | Noticed Ijyb
  7538 | D:5      | Killed Ijyb
  7582 | D:5      | Found an opulent altar of Gozag.
  7584 | D:5      | Found a bloodstained altar of Trog.
  7676 | D:5      | Found a shimmering altar of Xom.
  7714 | D:5      | Killed Menkaure
  7715 | D:5      | Reached skill level 1 in Evocations
  7767 | D:5      | Found Pigugyra's Jewellery Shoppe.
  7936 | D:5      | Reached skill level 5 in Conjurations
  8128 | D:6      | Found a glowing silver altar of Zin.
  8191 | D:6      | Found a sand-covered staircase.
  8239 | Ossuary  | Entered an ossuary
  8909 | Ossuary  | Reached XP level 9. HP: 55/72 MP: 0/12
  9142 | D:6      | Reached skill level 7 in Fire Magic
  9265 | D:6      | Found a shimmering blue altar of Sif Muna.
  9287 | D:6      | Noticed a brown ugly thing
  9338 | D:6      | Identified the +4 ring mail of the Elven Halls {rF+ rC+}
  9672 | D:6      | Found a snail-covered altar of Cheibriados.
  9839 | D:6      | Killed a brown ugly thing
  9840 | D:6      | Reached skill level 5 in Fighting
 10365 | D:4      | Killed MiltankisOP's ghost
 10788 | D:7      | Found a broken altar of Ashenzari.
 11016 | D:7      | Noticed Harold
 11265 | D:7      | Reached skill level 5 in Hexes
 11409 | D:7      | Reached skill level 5 in Stealth
 11409 | D:7      | Reached XP level 10. HP: 66/81 MP: 1/13
 11899 | D:6      | Reached skill level 8 in Fire Magic
 12165 | D:7      | Found a runed translucent door.
 12166 | D:7      | Noticed Crazy Yiuf
 12178 | D:7      | Killed Crazy Yiuf
 12249 | D:7      | Found Yqemop's Distillery.
 12254 | D:7      | Bought a potion of haste for 130 gold pieces
 12254 | D:7      | Bought a potion of heal wounds for 65 gold pieces
 12676 | D:8      | Found Kitod's Island Escapes.
 13328 | D:8      | Reached skill level 1 in Axes
 13836 | D:8      | Noticed a two-headed ogre
 14021 | D:7      | Killed Harold
 14022 | D:7      | Reached skill level 5 in Evocations
 14403 | D:8      | Noticed a centaur warrior
 14417 | D:8      | Killed a centaur warrior
 14462 | D:8      | Noticed a two-headed ogre
 14468 | D:8      | Noticed a green ugly thing
 14676 | D:8      | Killed a green ugly thing
 14970 | D:7      | Slain by a two-headed ogre

Illustrated notes

Levels and vault maps discovered:
D:1:      saegor_arrival_simple_b, layout_basic,
          dreamdust_ecumenical_altar_drowned_temple
D:2:      layout_basic
D:3:      layout_loops_ring, mainiacjoe_overflow_paths, uniq_sigmund
D:4:      layout_basic, nicolae_qazlal_scattered_showers,
          hellmonk_ghost_happy_afterlife, kennysheep_small_square
D:5:      layout_rooms, chequers_temple_overflow_statue_of_worship,
          xom_butterflies, minmay_temple_entry_slanted, serial_shops,
          nicolae_shop_trees, minmay_misc_feat_tower, uniq_ijyb, uniq_menkaure
D:6:      layout_cave_pools, mainiacjoe_overflow_boulevard, slow_altar_2,
          mainiacjoe_overflow_small_starburst, gup_ossuary_entry_pyramid
D:7:      layout_basic, evilmike_ruin_ashenzari, serial_shops, shop,
          kennysheep_boxes, uniq_harold, uniq_crazy_yiuf_cottage
D:8:      minmay_chambers_of_sevens, layout_cave_pools, nicolae_island_escapes

Skill      XL: |  1  2  3  4  5  6  7  8  9 10 |
---------------+-------------------------------+-----
Fighting       | 1 2 3 4 5 6 |  6.2
Conjurations   | 2 3 4 5 6 7 |  7.4
Fire Magic     | 4 5 6 7 8 |  8.9
Spellcasting   | 2 |  2.5
Stealth        | 2 3 5 |  5.2
Hexes          | 2 3 5 6 |  6.4
Evocations     | 2 4 5 |  5.6
Axes           | 4 |  4.0
Dodging        | |  1.5

Action                   |  1- 3 |  4- 6 |  7- 9 | 10-12 || total
-------------------------+-------+-------+-------+-------++-------
Melee: Short sword       |    43 |    14 |   218 |    38 ||   313
       Dagger            |    14 |    55 |       |       ||    69
       War axe           |       |       |       |    27 ||    27
       Punch             |       |       |       |     4 ||     4
 Cast: Foxfire           |    43 |    99 |   349 |   213 ||   704
  Use: Scroll            |       |       |     8 |     6 ||    14
       Potion            |       |       |     2 |     3 ||     5
 Stab: Sleeping          |     2 |     1 |     3 |       ||     6
Armor: Robe              |    16 |    12 |       |       ||    28
       Leather armour    |       |     8 |    93 |       ||   101
       Ring mail         |       |       |    57 |    84 ||   141
       Skin              |       |       |    29 |       ||    29
Dodge: Dodged            |    39 |    73 |   186 |    67 ||   365
